 Dungeon Crawl Stone Soup version 0.27-a0-1180-g7fc4abc71e (webtiles) character file.

Game seed: 229701373776162336

543 Ijustatesigmund the Chopper (level 7, -4/62 HPs)
             Began as a Hill Orc Fighter on May 17, 2021.
             Slain by a scorpion (5 damage)
             ... on level 4 of the Dungeon.
             The game lasted 00:10:26 (4810 turns).

Ijustatesigmund the Chopper (Hill Orc Fighter)      Turns: 4810, Time: 00:10:27

Health: -4/62      AC:  9    Str: 19    XL:     7   Next: 27%
Magic:  7/7        EV:  5    Int:  9    God:
Gold:   121        SH:  9    Dex: 11    Spells: 6/6 levels left

rFire    . . .     SeeInvis .   a - +0 war axe
rCold    + + .     Faith    .   c - +0 kite shield
rNeg     . . .     Spirit   .   b - +0 chain mail
rPois    .         Reflect  .   (no helmet)
rElec    .         Harm     .   (no cloak)
rCorr    .         Rampage  .   (no gloves)
Will     .....                  (no boots)
Stlth    ..........             (no amulet)
HPRegen  0.20/turn              k - ring of protection from cold
MPRegen  0.10/turn              f - ring of protection from cold

@: mighty, lethally poisoned (-4 -> -8)
A: no striking features
a: no special abilities


You were on level 4 of the Dungeon.
You visited 1 branch of the dungeon, and saw 5 of its levels.
You also visited: Sewer.

You collected 121 gold pieces.

Inventory:

Hand Weapons
 a - a +0 war axe (weapon)
Missiles
 h - 3 atropa-tipped darts (quivered)
Armour
 b - a +0 chain mail (worn)
 c - a +0 kite shield (worn)
Jewellery
 f - a ring of protection from cold (right hand)
 k - a ring of protection from cold (left hand)
Wands
 g - a wand of paralysis (6)
Scrolls
 e - a scroll of amnesia
Potions
 i - a potion of brilliance {unknown}
 j - 2 potions of flight
 l - a potion of curing
 m - a potion of magic {unknown}


   Skills:
 + Level 5.9 Fighting
 + Level 6.5 Axes
 + Level 4.7 Armour
 + Level 4.7 Shields


You had 6 spell levels left.
You didn't know any spells.
Your spell library was empty.

Dungeon Overview and Level Annotations

Branches:
Dungeon (5/15)              Sewer (visited)
 Temple: D:4-7

Altars:

Shops:
D:1 ((:*(


Message History

You start resting.
HP restored.
You climb downwards.
The scorpion stings you. The hound bites you but does no damage.
The ogre hits you with a +0 giant club! The scorpion closely misses you.
The hound bites you but does no damage.
There is a stone staircase leading up here.
You block the hound's attack. You block the scorpion's attack.
The scorpion stings you. You block the ogre's attack.
You climb upwards.
There is a stone staircase leading down here.
Throw: 5 darts (atropa)
Press: ? - help, Q - select action, (/) - cycle Shift-Dir - straight line, f - ogre
Aim: an ogre, wielding a +0 giant club (73% to hit, chance to blind on hit: 27%)
You throw an atropa-tipped dart.
The atropa-tipped dart barely misses the ogre.
The hound bites you. The scorpion barely misses you.
You block the scorpion's attack. The hound bites you but does no damage.
The ogre hits you with a +0 giant club!
Throw: 4 darts (atropa)
Press: ? - help, Q - select action, (/) - cycle Shift-Dir - straight line, f/p - ogre
Aim: an ogre, wielding a +0 giant club (73% to hit, chance to blind on hit: 27%)
You throw an atropa-tipped dart. The atropa-tipped dart hits the ogre.
The ogre resists.
The scorpion stings you. x2; The hound bites you but does no damage.
The scorpion completely misses you. The scorpion stings you.
You are poisoned.
The scorpion poisons you! The hound bites you. You block the ogre's attack.
Okay, then.
You feel very mighty all of a sudden.
You feel sick. You block the hound's attack. You block the scorpion's attack.
The scorpion barely misses you.
You barely miss the ogre.
You slash the scorpion! x2; You hit the hound.
You feel sick. The hound bites you but does no damage. The scorpion stings you!
* * * LOW HITPOINT WARNING * * *
The scorpion stings you but does no damage.
The ogre hits you with a +0 giant club!
* * * LOW HITPOINT WARNING * * *
You block the hound's attack. You block the scorpion's attack.
The scorpion stings you.
You die...

##.## #..##
##..# ##.##
#..## ##..# #
##.## # #.s## #
##h@# # ###
#Os## #
####.#### #...#
##.......###..##
#...>.....#...#
##............#
##...)......## #
##.........#
#### #.........#


You could see an ogre, 2 scorpions and a hound.

Vanquished Creatures
  A black bear (D:4)
  A kobold brigand (Sewer)
  A scorpion (D:4)
  An orc priest (D:3)
  2 orc wizards
  Ijyb (D:4)
  6 adders
  4 gnolls (D:4)
  An ufetubus (D:4)
  An adder skeleton (D:4)
  2 worms
  2 dart slugs
  14 orcs
  6 endoplasms
  13 giant cockroaches
  2 goblins (D:2)
  9 hobgoblins
  7 jackals
  8 kobolds
  4 quokkas
  3 ball pythons
  A bat (D:2)
  3 frilled lizards
  13 rats
106 creatures vanquished.

Notes
Turn   | Place    | Note
-------+----------+-------------------------------------------
     0 | D:1      | Ijustatesigmund the Hill Orc Fighter began the quest for
                  | the Orb.
     0 | D:1      | Reached XP level 1. HP: 19/19 MP: 1/1
    17 | D:1      | Reached skill level 3 in Axes
    68 | D:1      | Reached XP level 2. HP: 13/27 MP: 2/2
   581 | D:1      | Found Hat Ycho's General Store.
   686 | D:1      | Reached skill level 4 in Axes
   708 | D:1      | Found Xaoni's Antique Weapon Emporium.
   739 | D:1      | Reached XP level 3. HP: 33/33 MP: 3/3
   780 | D:1      | Found Hefahekh's Weapon Shop.
   835 | D:1      | Found Yxkuaqing's Book Shop.
   855 | D:1      | Found Rairaac's Weapon Shop.
  1419 | D:2      | Found a faded altar of an unknown god.
  1695 | D:2      | Reached XP level 4. HP: 41/41 MP: 4/4
  1710 | D:2      | Reached skill level 5 in Axes
  2321 | D:3      | Found a glowing drain.
  2338 | D:3      | Reached XP level 5. HP: 28/47 MP: 5/5
  2342 | Sewer    | Entered a sewer
  2509 | Sewer    | Noticed a kobold brigand
  2526 | Sewer    | Killed a kobold brigand
  2527 | Sewer    | Reached skill level 5 in Fighting
  2775 | Sewer    | Found a glowing silver altar of Zin.
  3078 | D:3      | HP: 1/48 [orc priest/divine providence (10)]
  3084 | D:3      | Reached XP level 6. HP: 8/56 MP: 6/6
  3128 | D:3      | HP: 2/56 [orc/+0 mace (5)]
  3708 | D:4      | Noticed Ijyb
  3714 | D:4      | Killed Ijyb
  3770 | D:4      | Noticed a black bear
  3779 | D:4      | Killed a black bear
  3780 | D:4      | Reached skill level 6 in Axes
  3979 | D:4      | Reached XP level 7. HP: 38/62 MP: 7/7
  4768 | D:5      | Entered Level 5 of the Dungeon
  4810 | D:4      | HP: 1/62 [ogre/+0 giant club (11)]
  4810 | D:4      | Slain by a scorpion

Illustrated notes

Levels and vault maps discovered:
D:1:      dpeg_arrival_ratfight, layout_loops_ring, serial_shops, shop,
          nicolae_shop_behind_doors, nicolae_shop_waterfront, shop, shop,
          minivault_4
D:2:      layout_basic, shapermc_ecumenical_altar_mp_vishouse
D:3:      layout_loops_ring, gup_sewer_entry_pipe
D:4:      layout_cave_pods, uniq_ijyb
D:5:      layout_gridville, uniq_edmund

Skill      XL: |  1  2  3  4  5  6 |
---------------+-------------------+-----
Axes           | 3 4 5 6 |  6.5
Fighting       | 4 5 |  5.9
Armour         | 4 |  4.7
Shields        | 4 |  4.7

Action                   |  1- 3 |  4- 6 |  7- 9 || total
-------------------------+-------+-------+-------++-------
Melee: War axe           |   127 |   187 |    33 ||   347
Throw: Dart              |       |     8 |     2 ||    10
  Use: Scroll            |     4 |     5 |       ||     9
       Potion            |     1 |     7 |     1 ||     9
 Stab: Invisible         |       |     1 |       ||     1
Armor: Scale mail        |    52 |    43 |       ||    95
       Chain mail        |       |    43 |    20 ||    63
       Skin              |       |     2 |       ||     2
Dodge: Dodged            |    31 |    45 |    14 ||    90
Block: Kite shield       |    81 |    94 |    24 ||   199

Table legend: (Time is in decaauts)
 A = Elapsed time spent in this place.
 B = Non-inter-level travel time spent in this place.
 C = Inter-level travel time spent in this place.
 D = Time resting spent in this place.
 E = Time spent auto-exploring this place.
 F = Levels seen in this place.
 G = Mean time per level.
                   A        B        C        D        E       F      G
               +--------+--------+--------+--------+--------+-----+--------+
         Total |   5025 |   4926 |     99 |   1133 |   2886 |   6 |  837.5 |
       Dungeon |   4510 |   4411 |     99 |    818 |   2754 |   5 |  902.0 |
         Sewer |    515 |    515 |      0 |    315 |    131 |   1 |  515.0 |
               +--------+--------+--------+--------+--------+-----+--------+

Top non-repeatable levels by time:
     D:1: 1183 daAuts
     D:3: 1174 daAuts
     D:4: 1164 daAuts
     D:2: 983 daAuts
   Sewer: 515 daAuts
     D:5: 5 daAuts
